 Dungeon Crawl Stone Soup version 0.31.0-1-g2c135a0 (webtiles) character file.

Game seed: 17054669854117459258

104846 Eamon the Bludgeoner (level 15, -9/214 HPs)
             Began as a Minotaur Berserker on Jan 20, 2024.
             Was a High Priest of Trog.
             Mangled by a tengu warrior
             ... wielding a +0 great mace
              (24 damage)
             ... on level 14 of the Dungeon.
             The game lasted 01:11:58 (20515 turns).

Eamon the Bludgeoner (Minotaur Berserker)          Turns: 20515, Time: 01:11:59

Health: -9/214     AC: 35    Str: 33    XL:     15   Next: 93%
Magic:  1/14       EV:  9    Int: 10    God:    Trog [*****.]
Gold:   1502       SH: 19    Dex: 16    Spells: 14/14 levels left

rFire   + . .        n - +7 demon whip (flame)
rCold   . . .        z - +0 tower shield
rNeg    . . .        H - +9 plate armour {rPois}
rPois   +            S - +0 hat
rElec   .            l - +0 cloak
rCorr   .            U - +2 pair of gloves
SInv    .            w - +2 pair of boots
Will    ++...        f - amulet "Cikatseu" {Acrobat Str+5 Dex+5} Stlth
                     q - ring "Qoiroet" {rPois Will+ Int+6}
HPRegen 0.55/turn    A - ring of protection from fire
MPRegen 0.14/turn

%: acrobat
@: berserking (expiring), very quick
A: horns 2, retaliatory headbutt
a: Renounce Religion, Berserk, Trog's Hand, Brothers in Arms


You were on level 14 of the Dungeon.
You worshipped Trog.
Trog was extremely pleased with you.
You visited 2 branches of the dungeon, and saw 19 of its levels.
You also visited: Bailey and Ice Cave.

You collected 1653 gold pieces.
You spent 151 gold pieces at shops.

Inventory:

Hand Weapons
 n - a +7 demon whip of flaming (weapon)
Missiles
 e - 20 boomerangs (quivered)
Armour
 l - a +0 cloak (worn)
 w - a +2 pair of boots (worn)
 z - a +0 tower shield (worn)
 H - a +9 plate armour of poison resistance (worn)
 S - a +0 hat (worn)
 U - a +2 pair of gloves (worn)
Jewellery
 f - the amulet "Cikatseu" (around neck) {Acrobat Str+5 Dex+5}
   (You found it on level 2 of the Lair of Beasts)

   [amulet of the acrobat]

   Acrobat:   It increases your evasion while moving and waiting.
   Str+5:     It affects your strength (+5).
   Dex+5:     It affects your dexterity (+5).
 q - the ring "Qoiroet" (left hand) {rPois Will+ Int+6}
   (You found it on level 4 of the Dungeon)

   [ring of intelligence]

   Int+6:     It affects your intelligence (+6).
   rPois:     It protects you from poison Will+: It increases your willpower.
 A - a ring of protection from fire (right hand)
 X - the ring "Ciaha" {rC++ Dex+6}
   (You took it off a kobold on level 12 of the Dungeon)

   [ring of dexterity]

   Dex+6:     It affects your dexterity (+6).
   rC++:      It greatly protects you from cold.
Wands
 m - a wand of roots (6)
 u - a wand of quicksilver (8)
 y - a wand of digging (1)
 J - a wand of charming (9)
 P - a wand of mindburst (11)
 W - a wand of flame (10)
Scrolls
 a - 2 scrolls of fear
 d - a scroll of identify
 j - 5 scrolls of immolation
 k - 2 scrolls of summoning
 p - 2 scrolls of poison
 r - 6 scrolls of fog
 D - 2 scrolls of silence
 E - a scroll of blinking
 L - 2 scrolls of revelation
 V - 3 scrolls of teleportation
 Z - a scroll of vulnerability
Potions
 b - 8 potions of ambrosia
 c - 6 potions of lignification
 g - 3 potions of cancellation
 h - 11 potions of curing
 i - 6 potions of enlightenment
 o - 3 potions of haste
 B - 2 potions of brilliance
 G - 3 potions of resistance
 K - a potion of berserk rage
 N - 3 potions of might
 O - 3 potions of invisibility
 T - 3 potions of heal wounds
Miscellaneous
 R - a phantom mirror


   Skills:
 + Level 15.7 Fighting
 - Level 15.2(18.3) Axes
 + Level 16.6(19.0) Maces & Flails
 + Level 2.0 Throwing
 + Level 15.4 Armour
 - Level 2.2 Dodging
 + Level 15.2 Shields


You had 14 spell levels left.
You didn't know any spells.
Your spell library was empty.

Dungeon Overview and Level Annotations

Branches:
Dungeon (14/15)            Temple (0/1) D:5            Lair (5/5) D:9
  Swamp (0/4) Lair:3       Spider (0/4) Lair:3        Slime (0/5) Lair:5
    Orc (0/2) D:10         Vaults (0/5) D:13         Bailey (visited)
  IceCv (visited)

Altars:
Dithmenos
Gozag
Hepliaklqana
Kikubaaqudgha
Makhleb
Okawaru
Ru
Sif Muna
Trog
Xom
Yredelemnul
Zin
Jiyva

Shops:
D:1 *   D:7 ?   D:13 *

Annotations:
D:14 1 transporter


Innate Abilities, Weirdness & Mutations

You have a pair of horns on your head.
You reflexively headbutt those who attack you in melee.


Message History

You block the two-headed ogre's attack. x2
You whack Kilet's ghost!
Kilet's ghost is severely damaged.
You block the tengu warrior's attack.
The tengu warrior pecks you but does no damage.
You block the tengu warrior's attack.
Kilet's ghost gestures at you while chanting.
The bolt of magma hits you! You partially resist.
* * * LOW HITPOINT WARNING * * *
You hit Kilet's ghost but do no damage. Your headbutt misses Kilet's ghost.
Kilet's ghost is severely damaged.
The two-headed ogre completely misses you.
You furiously retaliate!
You headbutt the two-headed ogre.
The two-headed ogre hits you with a +0 giant club!!
* * * LOW HITPOINT WARNING * * *
You block the tengu warrior's attack. x3
You completely miss the tengu warrior.
The tengu warrior hits you but does no damage.
The tengu warrior barely misses you.
The tengu warrior claws you but does no damage.
You whack Kilet's ghost! You headbutt Kilet's ghost.
Kilet's ghost is almost destroyed.
You block Kilet's ghost's attack. You block the tengu warrior's attack.
The tengu warrior closely misses you. The tengu warrior claws you.
* * * LOW HITPOINT WARNING * * *
You thrash Kilet's ghost!!
You destroy Kilet's ghost!
Trog accepts your kill.
Trog appreciates your killing of a magic user.
You block the tengu warrior's attack. x3
You block the two-headed ogre's attack.
The two-headed ogre hits you with a +0 giant club!
* * * LOW HITPOINT WARNING * * *
Your Throwing skill increases to level 2!
You punish the moth of wrath, causing immense pain!!!
You burn the moth of wrath!!
You kill the moth of wrath!
Trog accepts your kill.
The tengu warrior hits you with a +0 great mace!!
You die...

#.......#####..#.##...##...#...
#####..##.#≈#.######.......#≈≈≈
#..#.###=[[≈#..#.......####
#..#©...._?##..#..######
#..#...#.......#..# #..##..#
oT...##..# #...#..###o...#...#
##..####?O.QQ##..####..
..#####...###.Q@###.........
#.....).....#####...........
#..#..........©.............
#.....#.......##.........
#.............##.........
.)........................
###########################


You could see 2 orc knights, 3 tengu warriors, a two-headed ogre (berserk) and a
deep troll.

Vanquished Creatures
  Gastronok (D:9)
  The ghost of Kilet the Geomancer, an adept GrEE of Vehumet (D:14)
  Azrael (D:13)
  Snorg (Lair:3)
  An ettin (D:14)
  An ogre mage (D:10)
  8 hydras
  3 catoblepae (Lair:5)
  8 two-headed ogres
  3 boulder beetles
  A death knight (D:13)
  17 death yaks
  3 centaur warriors
  5 tengu warriors
  Sonja (Lair:1)
  3 skysharks
  Amaemon (Lair:1)
  An arcanist (D:14)
  2 spriggan druids (Lair:3)
  2 orc knights
  A deep elf zephyrmancer (D:13)
  3 deep elf pyromancers
  An oklob plant (Lair:2)
  2 cyclopes
  17 ugly things
  2 moths of wrath (D:14)
  3 meliai (D:12)
  5 manticores
  18 elephants
  Joseph (D:10)
  An orange demon (Lair:1)
  2 torpor snails
  A gargoyle (D:12)
  5 kobold demonologists
  6 black mambas
  12 cane toads
  2 unseen horrors
  2 ice statues (IceCv)
  Maggie (D:9)
  A rime drake (Lair:1)
  An unseen horror zombie (D:9)
  10 komodo dragons
  5 yaktaurs (D:12)
  A freezing wraith (IceCv)
  5 trolls
  A polar bear (Lair:4)
  A queen bee (D:12)
  A hornet (D:6)
  A raiju (shapeshifter) (D:9)
  21 blink frogs
  A spriggan (shapeshifter) (D:14)
  8 dream sheep
  A slime creature (shapeshifter) (D:13)
  5 jumping spiders (Lair:3)
  2 shadows
  3 slime creatures
  A warg (D:10)
  A fire bat (shapeshifter) (D:14)
  77 yaks
  2 vampires
  4 wraiths
  4 wyverns
  A human (D:10)
  3 steam dragons
  6 basilisks
  3 fire elementals (D:13)
  2 redbacks (Lair:3)
  2 vampire mosquitoes (D:14)
  An acid dragon (D:10)
  A hell hound (D:13)
  26 water moccasins
  8 orc warriors
  2 ice beasts
  2 sky beasts (D:6)
  2 black bears
  5 wolves (Lair:3)
  5 centaurs
  A phantom (D:4)
  18 bullfrogs
  6 kobold brigands
  4 necrophages (D:9)
  2 scorpions
  8 wights
  3 elephant simulacra (IceCv)
  22 killer bees
  3 howler monkeys
  3 bombardier beetles
  3 hounds
  4 jellies
  A human zombie (D:9)
  6 orc priests
  Crazy Yiuf (D:2)
  A gnoll bouda (D:6)
  2 sleepcaps
  Jessica (D:3)
  8 orc wizards
  Ijyb (D:3)
  A hell rat (Lair:4)
  2 wolf simulacra (IceCv)
  3 mummies (D:9)
  Robin (D:3)
  5 gnolls
  10 adders
  A river rat (Lair:3)
  2 ufetubi (D:5)
  2 dart slugs
  2 ribbon worms
  73 orcs
  4 endoplasms
  3 giant cockroaches (D:1)
  14 goblins
  7 hobgoblins
  4 jackals (D:3)
  29 kobolds
  4 quokkas
  5 ball pythons
  2 bats
  3 frilled lizards
650 creatures vanquished.

Vanquished Creatures (collateral kills)
  3 orc warriors (Bailey)
  A kobold (D:9)
4 creatures vanquished.

Grand Total: 654 creatures vanquished

Notes
Turn   | Place    | Note
-------+----------+-------------------------------------------
     0 | D:1      | Eamon the Minotaur Berserker began the quest for the Orb.
     0 | D:1      | Reached XP level 1. HP: 19/19 MP: 0/0
   193 | D:1      | Found Quixki Ziho's General Store.
   266 | D:1      | Reached XP level 2. HP: 27/27 MP: 1/1
  1017 | D:2      | Found a runed translucent door.
  1018 | D:2      | Noticed Crazy Yiuf
  1056 | D:2      | Reached skill level 5 in Axes
  1056 | D:2      | Reached XP level 3. HP: 33/33 MP: 2/2
  1485 | D:2      | Killed Crazy Yiuf
  1546 | D:3      | Reached XP level 4. HP: 40/40 MP: 3/3
  1549 | D:3      | Noticed Robin
  1559 | D:3      | Killed Robin
  1591 | D:3      | Noticed Ijyb
  1600 | D:3      | Killed Ijyb
  1600 | D:3      | Reached ** piety under Trog
  1767 | D:3      | Found a faded altar of an unknown god.
  1873 | D:3      | Reached XP level 5. HP: 46/46 MP: 4/4
  2008 | D:3      | Noticed Jessica
  2013 | D:3      | Killed Jessica
  2089 | D:3      | Found a faded altar of an unknown god.
  2422 | D:4      | Reached XP level 6. HP: 43/52 MP: 5/5
  2468 | D:4      | Found an iron altar of Okawaru.
  2594 | D:4      | Found an ancient bone altar of Kikubaaqudgha.
  2654 | D:4      | Identified the ring "Qoiroet" {rPois Will+ Int+6}
  3099 | D:5      | Entered Level 5 of the Dungeon
  3252 | D:5      | Reached XP level 7. HP: 58/58 MP: 6/6
  3416 | D:5      | Found a staircase to the Ecumenical Temple.
  3510 | D:5      | Reached skill level 10 in Axes
  3665 | D:5      | Identified the +0 chain mail "Efarph" {rPois rC- rCorr}
  3714 | D:5      | Found a shimmering altar of Xom.
  3920 | D:6      | Noticed a steam dragon
  3930 | D:6      | Killed a steam dragon
  3931 | D:6      | Reached skill level 1 in Shields
  3964 | D:6      | Reached *** piety under Trog
  3995 | D:6      | Reached XP level 8. HP: 67/67 MP: 7/7
  3998 | D:6      | Reached skill level 5 in Fighting
  4266 | D:6      | Noticed a hornet
  4278 | D:6      | Killed a hornet
  4279 | D:6      | Reached skill level 5 in Armour
  4517 | D:6      | Found the +1 robe of Vines {NoPotionHeal Regen++++}
  4624 | D:7      | Reached XP level 9. HP: 69/75 MP: 8/8
  4704 | D:7      | Found a shadowy altar of Dithmenos.
  4725 | D:7      | Reached skill level 5 in Shields
  5088 | D:7      | Found a hazy altar of Hepliaklqana.
  5190 | D:7      | Found Des Gun's Magic Scroll Boutique.
  5193 | D:7      | Bought a scroll of identify for 28 gold pieces
  5371 | D:7      | Reached **** piety under Trog
  5705 | D:8      | Noticed a lindwurm
  5705 | D:8      | Noticed a lindwurm
  5722 | D:8      | Found a flagged portal.
  5742 | Bailey   | Entered a bailey
  5872 | Bailey   | Reached XP level 10. HP: 88/88 MP: 9/9
  5938 | Bailey   | Noticed an orc knight
  5954 | Bailey   | Killed an orc knight
  5962 | Bailey   | HP: 4/89 [orc warrior/+0 trident (5)]
  6295 | D:8      | Noticed a lindwurm
  6299 | D:8      | Noticed a lindwurm
  6661 | D:8      | Reached ***** piety under Trog
  6738 | D:8      | Noticed a white ugly thing
  6739 | D:8      | Noticed a cyclops
  6744 | D:8      | Killed a white ugly thing
  6748 | D:8      | Killed a cyclops
  6755 | D:8      | Noticed a seven-headed hydra
  6847 | D:8      | Killed a 14-headed hydra
  7015 | D:8      | Found a sacrificial altar of Ru.
  7140 | D:8      | Found a shimmering blue altar of Sif Muna.
  7538 | D:9      | Noticed a two-headed ogre
  7543 | D:9      | Killed a two-headed ogre
  7748 | D:9      | Reached XP level 11. HP: 98/99 MP: 10/10
  7766 | D:9      | Found a staircase to the Lair.
  7860 | D:9      | Reached skill level 10 in Fighting
  7861 | D:9      | Found a basalt altar of Yredelemnul.
  7986 | D:9      | Found an opulent altar of Gozag.
  8086 | D:9      | Noticed Maggie
  8094 | D:9      | Killed Maggie
  8218 | D:9      | Received a gift from Trog
  8292 | D:9      | Reached skill level 10 in Armour
  8293 | D:9      | a meliai changed into a harpy
  8293 | D:9      | Noticed a harpy (shapeshifter)
  8294 | D:9      | a harpy changed into a raiju
  8468 | D:9      | Noticed Gastronok
  8487 | D:9      | Killed Gastronok
  8488 | D:9      | Reached skill level 10 in Shields
  8577 | D:9      | Found a burning altar of Makhleb.
  8816 | D:10     | Entered Level 10 of the Dungeon
  8904 | D:10     | Noticed Joseph
  8913 | D:10     | Killed Joseph
  9051 | D:10     | Found a staircase to the Orcish Mines.
  9201 | D:10     | Noticed a two-headed ogre
  9206 | D:10     | Killed a two-headed ogre
  9206 | D:10     | Received a gift from Trog
  9471 | D:10     | Noticed a boulder beetle
  9473 | D:10     | Noticed a centaur warrior
  9476 | D:10     | Reached XP level 12. HP: 96/110 MP: 11/11
  9478 | D:10     | Killed a centaur warrior
  9482 | D:10     | Killed a boulder beetle
  9482 | D:10     | Noticed a seven-headed hydra
  9486 | D:10     | Killed a four-headed hydra
  9487 | D:10     | Noticed a centaur warrior
  9493 | D:10     | Killed a centaur warrior
  9553 | Lair:1   | Entered Level 1 of the Lair of Beasts
  9555 | Lair:1   | Noticed Sonja
  9577 | Lair:1   | Reached skill level 15 in Axes
  9582 | Lair:1   | Killed Sonja
  9710 | Lair:1   | Noticed Amaemon
  9717 | Lair:1   | Killed Amaemon
  9823 | Lair:1   | Reached skill level 1 in Throwing
  9902 | Lair:1   | Reached skill level 1 in Maces & Flails
  9915 | Lair:1   | Reached skill level 2 in Maces & Flails
 10070 | Lair:1   | Reached skill level 3 in Maces & Flails
 10130 | Lair:1   | Reached skill level 4 in Maces & Flails
 10217 | Lair:1   | Reached skill level 5 in Maces & Flails
 10326 | Lair:1   | Identified the +0 scale mail of Ucsah {Fly rElec Will-
                  | Str+5}
 10458 | Lair:2   | Reached skill level 6 in Maces & Flails
 10472 | Lair:1   | Reached skill level 7 in Maces & Flails
 10627 | Lair:2   | Reached ****** piety under Trog
 10633 | Lair:2   | Reached skill level 8 in Maces & Flails
 10633 | Lair:2   | Reached XP level 13. HP: 97/118 MP: 12/12
 10882 | Lair:2   | Identified the amulet "Cikatseu" {Acrobat Str+5 Dex+5}
 10910 | Lair:2   | Reached skill level 9 in Maces & Flails
 11723 | Lair:3   | Reached skill level 10 in Maces & Flails
 11786 | Lair:3   | Reached skill level 11 in Maces & Flails
 12027 | Lair:3   | Found a hole to the Spider Nest.
 12045 | Lair:3   | Reached skill level 12 in Maces & Flails
 12274 | Lair:3   | Noticed Snorg
 12286 | Lair:3   | Killed Snorg
 12287 | Lair:3   | Reached skill level 13 in Maces & Flails
 12309 | Lair:3   | Received a gift from Trog
 12943 | Lair:3   | Found a staircase to the Swamp.
 13527 | Lair:4   | Reached skill level 14 in Maces & Flails
 13527 | Lair:4   | Reached XP level 14. HP: 118/127 MP: 13/13
 13680 | Lair:4   | Identified the +4 hand axe "Emugoely" {vamp, rC++ Str+5
                  | Stlth-}
 14184 | Lair:5   | Entered Level 5 of the Lair of Beasts
 15140 | Lair:5   | Found a viscous altar of Jiyva.
 15141 | Lair:5   | Found a staircase to the Slime Pits.
 15274 | Lair:5   | Reached skill level 15 in Maces & Flails
 15443 | Lair:5   | Received a gift from Trog
 16221 | Lair:5   | Reached XP level 15. HP: 133/139 MP: 14/14
 16244 | Lair:5   | Identified the +2 hand axe of Past Mistakes {venom, rF+
                  | Dex+2}
 16708 | D:10     | Found a glowing silver altar of Zin.
 17426 | D:11     | Found a frozen archway.
 17461 | IceCv    | Entered an ice cave
 17465 | IceCv    | Found a transporter.
 17492 | IceCv    | Found a transporter.
 18324 | D:12     | Identified the ring "Ciaha" {rC++ Dex+6}
 18361 | D:12     | Reached skill level 15 in Fighting
 18886 | D:13     | Reached skill level 16 in Maces & Flails
 19047 | D:13     | Received a gift from Trog
 19157 | D:13     | Noticed Azrael
 19165 | D:13     | Killed Azrael
 19386 | D:13     | Reached skill level 15 in Armour
 19571 | D:13     | Found Inyfy's General Store.
 19637 | D:13     | Bought a scroll of brand weapon for 123 gold pieces
 19695 | D:13     | Found a gate to the Vaults.
 20010 | D:14     | Reached skill level 15 in Shields
 20335 | D:14     | Found a transporter.
 20365 | D:14     | Noticed Kilet's ghost (adept GrEE)
 20369 | D:14     | Found a bloodstained altar of Trog.
 20394 | D:14     | Found a transporter.
 20514 | D:14     | Killed Kilet's ghost
 20515 | D:14     | Mangled by a tengu warrior

Illustrated notes

Levels and vault maps discovered:
D:1:      minmay_arrival_wavy_path, layout_loops_ring, serial_shops, shop
D:2:      layout_basic, uniq_crazy_yiuf_cottage
D:3:      layout_loops_ring, nicolae_overflow_ecumenical_swirl,
          shapermc_ecumenical_altar_acropolis, serial_glass, glass_columns_b,
          glass_columns_b, item_on_display_a, minmay_strange_pillars,
          chequers_decorated_corner, uniq_jessica, uniq_robin, uniq_ijyb
D:4:      layout_basic, lemuel_doored_altar, okawaru_gym_becter,
          columned_hall_lemuel, minmay_ruptured
D:5:      layout_loops_ring, kennysheep_little_box, minmay_temple_entry_slanted
D:6:      layout_cave_pools, minmay_fractal_squares_5
D:7:      layout_basic, old_standard_altar, nicolae_hepliaklqana_hazy_memory,
          serial_shops, nicolae_shop_rolled_up
D:8:      minmay_cornered_nines, layout_basic, kennysheep_orc_sif_temple,
          nicolae_ru_awakened_eye, enter_bailey_4, minmay_lindwurm_lava
D:9:      layout_roguey [special_room_orc], nicolae_overflow_crystal_walls,
          lemuel_mausoleum_altar_yredelemnul, mainiacjoe_overflow_alcove_4,
          due_lair_maze_entry_diamond, minmay_mirror_moons_of_madness,
          uniq_maggie, uniq_gastronok
D:10:     layout_basic, kennysheep_mini, erik_orc_4,
          minmay_fractal_squares_gapless_7, uniq_joseph
D:11:     layout_rooms, portal_ice_cave_entry_pillars_1, minmay_rotating_lava
D:12:     layout_cave_pools, minivault_7
D:13:     layout_rooms, david_vaults_1, serial_shops, nicolae_shop_statue_plus,
          uniq_azrael
D:14:     layout_stronghold, serial_rivers, chequers_serial_rivers_small_3,
          chequers_serial_rivers_micro_e, chequers_serial_rivers_room_a,
          chequers_serial_rivers_micro_d, chequers_serial_rivers_small_b,
          gammafunk_ghost_wrathful_warriors
Lair:1:   layout_loops_ring, beast_lair_carwin_3, uniq_amaemon, uniq_sonja
Lair:2:   layout_regular_city, chequers_serial_rivers_small_3,
          serial_bayou_shore_b
Lair:3:   layout_loops_ring, mainiacjoe_swamp_entry_angry_trees,
          nicolae_spider_entry_tight_spaces, pond, grunt_megastairs_3,
          uniq_snorg
Lair:4:   nzn_winding_woodlands_stair_trap
          [nzn_winding_woodlands_5x15_concentric,
          nzn_winding_woodlands_5x15_twine,
          nzn_winding_woodlands_5x15_sidewinder,
          nzn_winding_woodlands_15x15_thick_spiral,
          nzn_winding_woodlands_5x15_default,
          nzn_winding_woodlands_5x15_sawtooth,
          nzn_winding_woodlands_5x15_pathside_ponds], layout_regular_city
Lair:5:   evilmike_catoblepas_cave, layout_regular_city,
          minmay_slime_entry_pillars, grunt_megastairs_2

Skill      XL: |  1  2  3  4  5  6  7  8  9 10 11 12 13 14 15 |
---------------+----------------------------------------------+-----
Axes           | 4 5 6 8 9 10 11 12 13 14 15 | 15.2
Fighting       | 4 6 8 9 11 12 14 15 | 15.7
Armour         | 3 5 7 9 11 12 14 15 | 15.4
Shields        | 2 4 6 8 10 11 12 13 15 | 15.2
Throwing       | 1 2 |  2.0
Maces & Flails | 8 14 15 16 | 16.6
Dodging        | |  2.2

Action                     |  1- 3 |  4- 6 |  7- 9 | 10-12 | 13-15 || total
---------------------------+-------+-------+-------+-------+-------++-------
  Melee: Hand axe          |    41 |   121 |   280 |   218 |       ||   660
         Headbutt          |     4 |    24 |    44 |   103 |   301 ||   476
         Punch             |       |     1 |       |       |       ||     1
         War axe           |       |       |       |   170 |       ||   170
         Demon whip        |       |       |       |    98 |  1089 ||  1187
  Throw: Boomerang         |    10 |       |       |    10 |       ||    20
 Invoke: Berserk           |     3 |     2 |     5 |     8 |     7 ||    25
         Trog's Hand       |       |       |       |       |     1 ||     1
  Evoke: Phantom mirror    |       |       |       |     1 |       ||     1
    Use: Scroll            |       |     5 |       |    25 |    17 ||    47
         Potion            |       |       |       |     3 |     7 ||    10
   Stab: Petrifying        |       |       |       |       |     2 ||     2
         Distracted        |       |       |       |       |     1 ||     1
 Armour: Ring mail         |    21 |    11 |       |       |       ||    32
         Chain mail        |       |    67 |   191 |    91 |       ||   349
         Plate armour      |       |       |       |   284 |   681 ||   965
  Dodge: Dodged            |    27 |    56 |    95 |   128 |   275 ||   581
  Block: Buckler           |       |    10 |    60 |    48 |       ||   118
         Tower shield      |       |       |       |   240 |  1030 ||  1270
